 Dungeon Crawl Stone Soup version 0.29-a0-521-g59ce8b2d47 (webtiles) character file.

Game seed: 16226314970275675714

31146 Thjof the Cleaver (level 13, -4/135 HPs)
             Began as a Hill Orc Monk on June 1, 2022.
             Was a High Priest of Jiyva.
             Slain by a merfolk
             ... wielding a +0 trident
             ... led by a merfolk impaler
              (13 damage)
             ... on level 2 of the Shoals.
             The game lasted 01:47:01 (9550 turns).

Thjof the Cleaver (Hill Orc Monk)                   Turns: 9550, Time: 01:47:02

Health: -4/135     AC: 20    Str: 27    XL:     13   Next: 56%
Magic:  13/13      EV: 12    Int: 10    God:    Jiyva [*****.]
Gold:   474        SH:  5    Dex: 15    Spells: 12/12 levels left

rFire   . . .      SeeInvis .   a - +3 battleaxe of the Transmuting Gods {freeze, Str+4}
rCold   . . .      Faith    .   (shield currently unavailable)
rNeg    . . .      Spirit   .   o - +0 plate armour
rPois   .          Reflect  +   (helmet unavailable)
rElec   .          Harm     .   G - +0 cloak {rCorr}
rCorr   +          Rampage  .   l - +0 pair of gloves
Will    .....      Clarity  +   (boots unavailable)
Stlth   ..........              r - amulet of reflection
HPRegen 2.56/turn               h - +6 ring of strength
MPRegen 0.58/turn               n - ring of flight

@: lethally poisoned (-4 -> -4), lit by a corona, weak-willed, flying, glowing
A: horns 3, talons 3, clarity, mutation resistance 1, regeneration 1, robust 1,
eyeballs 1, gelatinous body 2, tendrils, engulf
a: Renounce Religion, Oozemancy, Slimify


You were on level 2 of the Shoals.
You worshipped Jiyva.
Jiyva was extremely pleased with you.
You visited 4 branches of the dungeon, and saw 15 of its levels.

You collected 474 gold pieces.

Inventory:

Hand Weapons
 a - the +3 battleaxe of the Transmuting Gods (weapon) {freeze, Str+4}
   (You found it on level 8 of the Dungeon)

   It freezes those it strikes, dealing additional cold damage.
   It can also slow down cold-blooded creatures.
   Str:       It affects your strength (+4).
 b - a +0 vorpal shortbow
 e - a +0 vampiric war axe
Missiles
 L - 8 poisoned darts (quivered)
 M - 2 silver boomerangs
Armour
 l - a +0 pair of gloves (worn)
 o - a +0 plate armour (worn)
 p - a +0 chain mail
 u - a +0 robe
 G - a +0 cloak of preservation (worn)
 I - a +0 pair of boots
Jewellery
 h - a +6 ring of strength (left hand)
 n - a ring of flight (right hand)
 r - an amulet of reflection (around neck)
Wands
 t - a wand of iceblast (4)
 B - a wand of flame (8)
 H - a wand of acid (5)
 K - a wand of paralysis (7)
Scrolls
 f - a scroll of amnesia
 i - a scroll of immolation
 j - 4 scrolls of identify
 k - 2 scrolls of enchant weapon {unknown}
 m - a scroll of fear {unknown}
 s - 6 scrolls of teleportation {unknown}
 w - 2 scrolls of vulnerability {unknown}
 x - 3 scrolls of poison {unknown}
 y - 2 scrolls of magic mapping {unknown}
 z - a scroll of summoning {unknown}
 A - 2 scrolls of blinking {unknown}
 E - a scroll of torment
Potions
 c - a potion of ambrosia
 d - 2 potions of heal wounds
 g - a potion of curing
 q - 2 potions of invisibility
 v - 2 potions of mutation
 C - a potion of flight
 D - 2 potions of berserk rage
 J - 2 potions of brilliance {unknown}


   Skills:
 + Level 13.7 Fighting
 + Level 14.9 Axes
 - Level 9.0 Throwing
 + Level 12.0 Armour
 + Level 6.1 Dodging
 - Level 1.5 Stealth
 + Level 3.8 Evocations


You had 12 spell levels left.
You didn't know any spells.
Your spell library contained the following spells:

 Spells                   Type           Power      Damage    Failure   Level
 Magic Dart               Conj           0%         1d3       96%         1
 Summon Small Mammal      Summ           0%         N/A       96%         1
 Blink                    Tloc           0%         N/A       99%         2
 Call Imp                 Summ           0%         N/A       99%         2
 Poisonous Vapours        Pois/Air       0%         N/A       99%         2
 Searing Ray              Conj           0%         2d4       99%         2
 Sublimation of Blood     Necr           0%         N/A       99%         2
 Call Canine Familiar     Summ           0%         N/A       100%        3
 Dazzling Flash           Conj/Hex       0%         N/A       100%        3
 Mephitic Cloud           Conj/Pois/Air  0%         N/A       100%        3
 Summon Guardian Golem    Hex/Summ       0%         N/A       100%        3
 Petrify                  Tmut/Erth      0%         N/A       100%        4
 Agony                    Necr           0%         N/A       100%        5
 Irradiate                Conj/Tmut      0%         3d13      100%        5
 Metabolic Englaciation   Hex/Ice        0%         N/A       100%        5
 Silence                  Hex/Air        0%         N/A       100%        5
 Statue Form              Tmut/Erth      0%         N/A       100%        6


Dungeon Overview and Level Annotations

Branches:
Dungeon (9/15)             Temple (1/1) D:5            Lair (3/6) D:9
 Shoals (2/4) Lair:3
  Snake: Lair:2-4    Spider: Lair:2-4       Orc: D:9-12

Altars:
Ashenzari
Cheibriados
Dithmenos
Elyvilon
Fedhas
Gozag
Hepliaklqana
Kikubaaqudgha
Makhleb
Nemelex Xobeh
Okawaru
Qazlal
Ru
Sif Muna
Trog
Uskayaw
Vehumet
Wu Jian
Xom
Yredelemnul
Zin
The Shining One
Jiyva

Shops:
D:1 [   D:3 (


Innate Abilities, Weirdness & Mutations

You have a pair of large horns on your head.
You have claws for feet.
You possess an exceptional clarity of mind.
You are somewhat resistant to further mutation.
Your natural rate of healing is unusually fast.
You are robust. (+10% HP)
Your body has grown eyes which may confuse attackers. (Acc +3)
Your pliable body absorbs attacks. (AC +2, EV +2)
You are covered in slimy tendrils that may disarm your opponents.
Your melee attacks may engulf your foes in ooze.


Message History

You headbutt the merfolk!!
The merfolk is moderately wounded.
You slash the merfolk! You freeze the merfolk. You slash the merfolk!
You freeze the merfolk. You slash the merfolk! You freeze the merfolk.
You feel sick. The merfolk hits you.
* * * LOW HITPOINT WARNING * * *
The merfolk siren hits you from afar with a +0 spear.
* * * LOW HITPOINT WARNING * * *
The merfolk hits you but does no damage.
The merfolk hits you with a +0 glaive!
* * * LOW HITPOINT WARNING * * *
You hear a splash. x2
Your tendrils lash around the merfolk's +0 glaive and pull it to the ground!
The merfolk closely misses you.
You open the merfolk like a pillowcase!!!
You freeze the merfolk!!
You kill the merfolk!
You hear a splash.
You slice the merfolk!! You freeze the merfolk! You slash the merfolk!
You freeze the merfolk.
You engulf the merfolk in ooze!
You hit the merfolk. You freeze the merfolk.
You feel sick.
The merfolk siren chants a haunting song.
You are unaffected.
The merfolk barely misses you. The merfolk completely misses you.
Your Armour skill increases to level 12!
You slice the merfolk!! You freeze the merfolk.
You kill the merfolk!
You hear a splash.
You slash the merfolk! You freeze the merfolk. You barely miss the merfolk.
You feel sick. The merfolk hits you with a +0 trident!
* * * LOW HITPOINT WARNING * * *
The merfolk siren closely misses you. You block the merfolk's attack.
The faun shoots a sling bullet.
The sling bullet hits you.
* * * LOW HITPOINT WARNING * * *
You hit the merfolk. You freeze the merfolk.
You kill the merfolk!
You closely miss the merfolk. You slice the manticore!!
You freeze the manticore.
You feel sick. The merfolk hits you with a +0 trident!
You die...

≈≈≈≈≈≈......## ##.≈≈≈≈
≈≈≈≈≈.......###..≈≈≈≈≈
≈≈≈≈≈..##.......≈≈≈≈≈≈
≈≈≈≈≈≈..........≈≈≈≈≈≈
≈≈≈≈≈≈≈≈.....#.≈≈≈≈≈≈≈
≈≈≈≈≈≈≈≈.###.##≈≈≈≈≈≈≈
≈≈≈≈≈≈≈..###...≈≈≈≈≈≈≈
≈≈≈≈≈≈≈≈...<[)≈≈≈≈≈≈≈≈
≈≈≈≈≈≈≈≈≈.<.m≈@(≈≈≈≈≈≈
≈≈≈≈≈≈≈..≈c†Hm≈≈≈≈≈≈
≈≈≈≈≈≈≈..≈≈c≈≈≈≈≈≈≈
≈≈≈≈.≈≈≈≈≈≈≈≈≈≈≈
≈≈≈≈≈≈≈≈≈≈≈≈≈≈≈≈
≈≈≈≈≈≈≈≈≈≈≈≈≈≈≈≈
≈≈≈≈≈≈≈≈..≈≈≈≈≈≈
≈≈≈≈≈≈≈..≈≈≈≈≈≈


You could see a merfolk, 2 fauns, a manticore and a merfolk siren.

Vanquished Creatures
  A kraken (Shoals:1)
  A merfolk impaler (Shoals:2)
  A hydra (D:8)
  2 merfolk avatars (Shoals:1)
  A two-headed ogre (D:9)
  A fire crab (Shoals:1)
  A sea snake (Shoals:1)
  A lindwurm (Lair:3)
  5 harpies (Shoals:1)
  Pikel (D:5)
  2 manticores (Shoals:1)
  A cyclops (Shoals:1)
  3 black mambas
  5 elephants (Lair:3)
  4 merfolk sirens
  Maurice (D:8)
  9 cane toads
  7 komodo dragons
  11 merfolk
  A troll (D:9)
  2 polar bears (D:9)
  Prince Ribbit (D:5)
  2 hornets
  A wind drake (Shoals:1)
  2 dream sheep (Shoals:1)
  A shadow (D:9)
  A wyvern (Lair:3)
  2 fire bats (Shoals:1)
  21 yaks
  An unseen horror simulacrum (D:9)
  A steam dragon (D:6)
  Menkaure (D:5)
  8 water moccasins
  3 orc warriors
  3 ice beasts
  2 black bears (Lair:2)
  An ogre (D:4)
  9 wolves
  5 centaurs
  3 kobold brigands (D:9)
  A necrophage (D:7)
  2 gnoll sergeants
  11 bullfrogs
  3 scorpions
  A wight (D:9)
  7 killer bees (D:7)
  7 howler monkeys
  2 electric eels (D:9)
  3 hounds
  4 orc priests
  5 iguanas
  Natasha (twice) (D:3)
  11 orc wizards
  7 hell rats (Lair:2)
  A centaur simulacrum (D:9)
  8 gnolls
  6 adders
  3 white imps (D:9)
  An ufetubus (D:5)
  4 worms
  A dart slug (D:4)
  33 orcs
  4 ball pythons
  6 bats
  2 endoplasms (D:1)
  4 giant cockroaches
  7 goblins
  6 hobgoblins
  7 jackals
  3 quokkas
  5 frilled lizards
  19 kobolds
  2 rats (D:1)
  2 tentacles (Shoals:1)
319 creatures vanquished.

Vanquished Creatures (others)
  A black bear (D:4)
  An orc warrior (D:6)
  3 wolves (Lair:2)
  A bullfrog (Lair:2)
  A kobold brigand (D:6)
  3 scorpions
  A killer bee (D:7)
  A howler monkey (D:8)
  27 jellies
  An orc priest (D:6)
  Natasha (D:3)
  An orc wizard (D:7)
  A gnoll (D:5)
  2 worms
  6 orcs
  A hobgoblin (D:2)
  A jackal (D:5)
  A quokka (D:2)
  A bat (D:2)
  3 kobolds (D:6)
  45 fungi
  47 plants
  2 tentacles (Shoals:1)
152 creatures vanquished.

Grand Total: 471 creatures vanquished

Notes
Turn   | Place    | Note
-------+----------+-------------------------------------------
     0 | D:1      | Thjof the Hill Orc Monk began the quest for the Orb.
     0 | D:1      | Reached XP level 1. HP: 19/19 MP: 1/1
   144 | D:1      | Reached XP level 2. HP: 23/27 MP: 2/2
   738 | D:1      | Found Ulil's Antique Armour Shoppe.
   917 | D:1      | Found a faded altar of an unknown god.
   920 | D:1      | Prayed at the altar of an unknown god.
   920 | D:1      | Became a worshipper of Jiyva Jommiux the Shapeless
   920 | D:1      | Reached * piety under Jiyva
   920 | D:1      | Reached ** piety under Jiyva
   970 | D:2      | Reached XP level 3. HP: 33/33 MP: 3/3
   989 | D:2      | Reached *** piety under Jiyva
  1175 | D:2      | Gained mutation: Your natural rate of healing is unusually
                  | fast. [Jiyva's grace]
  1175 | D:2      | Gained mutation: You heal very quickly. [Jiyva's grace]
  1175 | D:2      | Gained mutation: You regenerate. [Jiyva's grace]
  1175 | D:2      | Gained mutation: You passively map a small area around you.
                  | [Jiyva's grace]
  1703 | D:2      | Reached **** piety under Jiyva
  1818 | D:3      | Reached XP level 4. HP: 32/41 MP: 4/4
  1830 | D:3      | Reached skill level 5 in Axes
  1959 | D:3      | Found Wyogey's Weapon Shop.
  2005 | D:3      | Found a shadowy altar of Dithmenos.
  2008 | D:3      | Noticed Natasha
  2012 | D:3      | Killed Natasha
  2013 | D:3      | Reached skill level 1 in Armour
  2016 | D:3      | Reached XP level 5. HP: 46/47 MP: 3/5
  2022 | D:3      | Reached skill level 5 in Fighting
  2085 | D:3      | Noticed Natasha
  2089 | D:3      | Killed Natasha
  2178 | D:3      | Killed Natasha
  2355 | D:3      | Reached XP level 6. HP: 49/52 MP: 6/6
  2519 | D:4      | Reached skill level 6 in Axes
  2820 | D:4      | Gained mutation: Your rubbery body absorbs attacks. (AC +1,
                  | EV +1) [Jiyva's grace]
  2820 | D:4      | Gained mutation: Your pliable body absorbs attacks. (AC +2,
                  | EV +2) [Jiyva's grace]
  2820 | D:4      | Gained mutation: Your gelatinous body deflects attacks. (AC
                  | +3, EV +3) [Jiyva's grace]
  2820 | D:4      | Gained mutation: Your mind is acute. (Int +2) [Jiyva's
                  | grace]
  3279 | D:5      | Entered Level 5 of the Dungeon
  3279 | D:5      | Noticed a black bear
  3296 | D:4      | Killed a black bear
  3297 | D:4      | Reached skill level 1 in Throwing
  3297 | D:4      | Reached XP level 7. HP: 56/63 MP: 7/7
  3315 | D:5      | Noticed Menkaure
  3321 | D:4      | Reached skill level 7 in Axes
  3338 | D:5      | Killed Menkaure
  3342 | D:5      | Reached XP level 8. HP: 48/71 MP: 8/8
  3342 | D:5      | Noticed Edmund
  3346 | D:5      | Found a radiant altar of Vehumet.
  3351 | D:5      | Slimified Edmund
  3351 | D:5      | Noticed Edmund
  3351 | D:5      | Edmund changed into Edmund the jelly
  3363 | D:5      | Noticed Pikel
  3383 | D:5      | Killed Pikel
  3384 | D:5      | Reached skill level 8 in Axes
  3384 | D:5      | Reached skill level 5 in Armour
  3494 | D:5      | Noticed Prince Ribbit
  3520 | D:5      | Killed Prince Ribbit
  3729 | D:5      | Found a staircase to the Ecumenical Temple.
  3759 | Temple   | Entered the Ecumenical Temple
  3993 | D:6      | Noticed a slime creature
  3993 | D:6      | an orc warrior changed into a slime creature
  4063 | D:6      | Reached XP level 9. HP: 81/81 MP: 9/9
  4100 | D:6      | Reached skill level 9 in Axes
  4237 | D:6      | Found a sparkling altar of Nemelex Xobeh.
  4248 | D:6      | Found a hide-covered altar of Uskayaw.
  4331 | D:6      | Found a broken altar of Ashenzari.
  4548 | D:7      | Lost mutation: You regenerate. [Jiyva's grace]
  4548 | D:7      | Gained mutation: You possess an exceptional clarity of
                  | mind. [Jiyva's grace]
  4548 | D:7      | Gained mutation: You are covered in slimy tendrils that may
                  | disarm your opponents. [Jiyva's grace]
  4548 | D:7      | Gained mutation: Your melee attacks may engulf your foes in
                  | ooze. [Jiyva's grace]
  4548 | D:7      | Gained mutation: Your body has grown eyes which may confuse
                  | attackers. (Acc +3) [Jiyva's grace]
  4893 | D:8      | Identified the +3 battleaxe of the Transmuting Gods
                  | {freeze, Str+4}
  4997 | D:8      | Noticed a seven-headed hydra
  5004 | D:8      | Got Urakhluf's Easy Thaumaturgy
  5021 | D:8      | Killed a 12-headed hydra
  5022 | D:8      | Reached skill level 10 in Axes
  5022 | D:8      | Reached skill level 5 in Throwing
  5022 | D:8      | Reached XP level 10. HP: 79/91 MP: 8/10
  5182 | D:8      | Noticed Maurice
  5203 | D:8      | Killed Maurice
  5684 | D:9      | Found a glowing silver altar of Zin.
  5719 | D:9      | Reached skill level 10 in Fighting
  5848 | D:9      | Reached skill level 11 in Axes
  6056 | D:9      | Reached XP level 11. HP: 91/101 MP: 11/11
  6168 | D:9      | Reached skill level 12 in Axes
  6216 | D:9      | Found a staircase to the Lair.
  6216 | D:9      | Lost mutation: You possess an exceptional clarity of mind.
                  | [Jiyva's grace]
  6216 | D:9      | Lost mutation: Your mind is acute. (Int +2) [Jiyva's grace]
  6216 | D:9      | Lost mutation: You passively map a small area around you.
                  | [Jiyva's grace]
  6216 | D:9      | Lost mutation: You heal very quickly. [Jiyva's grace]
  6216 | D:9      | Gained mutation: You are somewhat resistant to further
                  | mutation. [Jiyva's grace]
  6216 | D:9      | Gained mutation: You are somewhat resistant to both further
                  | mutation and mutation removal. [Jiyva's grace]
  6216 | D:9      | Gained mutation: You are almost entirely resistant to
                  | further mutation and mutation removal. [Jiyva's grace]
  6216 | D:9      | Gained mutation: You possess an exceptional clarity of
                  | mind. [Jiyva's grace]
  6241 | D:9      | Found an opulent altar of Gozag.
  6243 | D:9      | Found a bloodstained altar of Trog.
  6244 | D:9      | Found an iron altar of Okawaru.
  6406 | D:9      | Found a burning altar of Makhleb.
  6519 | D:9      | Noticed a two-headed ogre
  6525 | D:9      | Killed a two-headed ogre
  6642 | Lair:1   | Entered Level 1 of the Lair of Beasts
  7176 | Lair:1   | Reached skill level 10 in Armour
  7438 | Lair:2   | Reached skill level 13 in Axes
  7448 | Lair:2   | Reached XP level 12. HP: 111/111 MP: 12/12
  7662 | Lair:2   | Lost mutation: You are almost entirely resistant to further
                  | mutation and mutation removal. [Jiyva's grace]
  7662 | Lair:2   | Lost mutation: Your gelatinous body deflects attacks. (AC
                  | +3, EV +3) [Jiyva's grace]
  7662 | Lair:2   | Lost mutation: You are covered in slimy tendrils that may
                  | disarm your opponents. [Jiyva's grace]
  7662 | Lair:2   | Gained mutation: You have a pair of small horns on your
                  | head. [Jiyva's grace]
  7662 | Lair:2   | Gained mutation: You have a pair of horns on your head.
                  | [Jiyva's grace]
  7662 | Lair:2   | Gained mutation: You have a pair of large horns on your
                  | head. [Jiyva's grace]
  7662 | Lair:2   | Gained mutation: You are robust. (+10% HP) [Jiyva's grace]
  7679 | Lair:2   | Reached ***** piety under Jiyva
  8232 | Lair:3   | Found a staircase to the Shoals.
  8424 | Lair:3   | Reached skill level 14 in Axes
  8424 | Lair:3   | Reached skill level 5 in Dodging
  8711 | Shoals:1 | Entered Level 1 of the Shoals
  8711 | Shoals:1 | Noticed a merfolk avatar
  8719 | Shoals:1 | Noticed a merfolk avatar
  8731 | Shoals:1 | Reached skill level 1 in Evocations
  8742 | Shoals:1 | Reached XP level 13. HP: 37/134 MP: 13/13
  8808 | Shoals:1 | Noticed a kraken
  9155 | Shoals:1 | Killed a kraken
  9187 | Shoals:1 | Lost mutation: You are somewhat resistant to both further
                  | mutation and mutation removal. [Jiyva's grace]
  9187 | Shoals:1 | Gained mutation: You have sharp toenails. [Jiyva's grace]
  9187 | Shoals:1 | Gained mutation: You have razor-sharp toenails. [Jiyva's
                  | grace]
  9187 | Shoals:1 | Gained mutation: You have claws for feet. [Jiyva's grace]
  9187 | Shoals:1 | Gained mutation: You are covered in slimy tendrils that may
                  | disarm your opponents. [Jiyva's grace]
  9538 | Shoals:2 | Noticed a merfolk impaler
  9545 | Shoals:2 | Killed a merfolk impaler
  9550 | Shoals:2 | Slain by a merfolk

Illustrated notes

Levels and vault maps discovered:
D:1:      saegor_arrival_simple_c, layout_basic,
          shapermc_ecumenical_altar_mp_vishouse, serial_shops, shop
D:2:      layout_loops_corners, minmay_tetromino_l4
D:3:      layout_basic, grunt_dithmenos_smoke_and_mirrors, serial_shops, shop,
          uniq_natasha
D:4:      layout_cave_pods
D:5:      layout_rooms, overflow_temple_1_default, minmay_temple_entry_arrows,
          serial_corexii_hall, chequers_hall_statues_corner_a,
          chequers_hall_statues_wall_a, kennysheep_generic_room_8,
          uniq_prince_ribbit1, uniq_menkaure, uniq_pikel, uniq_edmund
D:6:      layout_rooms, nemelex_xobeh_ov_fountains_minmay, old_standard_altar,
          kennysheep_little_box
D:7:      layout_rooms
D:8:      layout_loops_cross, uniq_maurice
D:9:      minmay_recursive_quarters, layout_long_grid, kennysheep_mini,
          lemuel_round_altar, grunt_temple_overflow_diamond,
          grunt_lair_entry_orc_guard_hut, serial_ice, serial_ice_e,
          serial_ice_j, serial_ice_c, serial_ice_n, serial_ice_a, serial_ice_f
Temple:   nicolae_temple_hex_pool
Lair:1:   layout_small_grid, infiniplex_staircase_pool_2, grunt_megastairs_3
Lair:2:   layout_gridlike, chequers_serial_rivers_large_a, beast_lair_carwin_6,
          lemuel_fruit_tree
Lair:3:   layout_chaotic_city, elwin_shoals_entry_stream
Shoals:1: layout_shoals, hangedman_shoal_volcano
Shoals:2: layout_shoals, ebering_ghost_reflecting_pool,
          nicolae_shoals_drake_roost

Skill      XL: |  1  2  3  4  5  6  7  8  9 10 11 12 13 |
---------------+----------------------------------------+-----
Fighting       | 4 5 6 8 9 10 11 13 | 13.7
Dodging        | 3 5 6 |  6.1
Axes           | 5 6 7 8 10 11 13 14 | 14.9
Armour         | 1 2 3 4 5 7 8 10 11 12 | 12.0
Throwing       | 1 2 4 5 6 8 9 |  9.0
Evocations     | 1 3 |  3.8
Stealth        | |  1.5

Action                   |  1- 3 |  4- 6 |  7- 9 | 10-12 | 13-15 || total
-------------------------+-------+-------+-------+-------+-------++-------
Melee: Hand axe          |   107 |   175 |     3 |       |       ||   285
       Punch             |     1 |     4 |     3 |       |       ||     8
       War axe           |       |    12 |   156 |       |       ||   168
       Battleaxe         |       |       |     6 |   294 |    69 ||   369
       Headbutt          |       |       |       |    23 |    21 ||    44
       Kick              |       |       |       |       |     4 ||     4
Throw: Boomerang         |       |    13 |    29 |    13 |     2 ||    57
       Dart              |       |       |       |    50 |     1 ||    51
Invok: Oozemancy         |       |     2 |     5 |     9 |       ||    16
       Slimify           |       |       |     2 |       |       ||     2
Evoke: Wand              |       |       |       |       |     2 ||     2
  Use: Scroll            |     2 |     1 |     2 |     6 |       ||    11
       Potion            |       |       |       |     1 |       ||     1
 Stab: Sleeping          |     6 |       |       |       |       ||     6
       Confused          |       |       |     1 |     4 |       ||     5
Armor: Robe              |    20 |       |       |       |       ||    20
       Scale mail        |     5 |     2 |       |       |       ||     7
       Chain mail        |       |    88 |    93 |    54 |       ||   235
       Plate armour      |       |       |       |    96 |    40 ||   136
Dodge: Dodged            |    59 |    81 |   128 |   164 |    42 ||   474
Block: Other             |       |    13 |    56 |    68 |    16 ||   153
       Reflection        |       |       |     1 |     2 |       ||     3

Table legend: (Time is in decaauts)
 A = Elapsed time spent in this place.
 B = Non-inter-level travel time spent in this place.
 C = Inter-level travel time spent in this place.
 D = Time resting spent in this place.
 E = Time spent auto-exploring this place.
 F = Levels seen in this place.
 G = Mean time per level.
                   A        B        C        D        E       F      G
               +--------+--------+--------+--------+--------+-----+--------+
         Total |   9584 |   9108 |    476 |      0 |   3972 |  15 |  638.9 |
       Dungeon |   6609 |   6245 |    364 |      0 |   2427 |   9 |  734.3 |
        Temple |     71 |     65 |      6 |      0 |     55 |   1 |   71.0 |
          Lair |   2067 |   1993 |     74 |      0 |    967 |   3 |  689.0 |
        Shoals |    835 |    804 |     31 |      0 |    523 |   2 |  417.5 |
               +--------+--------+--------+--------+--------+-----+--------+

Top non-repeatable levels by time:
     D:9: 1065 daAuts
     D:1: 967 daAuts
     D:4: 851 daAuts
     D:2: 848 daAuts
Shoals:1: 815 daAuts
  Lair:1: 787 daAuts
     D:8: 726 daAuts
  Lair:3: 675 daAuts
     D:3: 666 daAuts
  Lair:2: 604 daAuts
     D:5: 600 daAuts
     D:6: 475 daAuts
     D:7: 408 daAuts
  Temple: 71 daAuts
Shoals:2: 20 daAuts
